cohdb
Replays
Latest Replays
All Replays
Popular Replays
Top Player Replays
Match Explorer
How It Works
Community
CoH3 Stats
Reddit
Sign in to upload your games and track your stats! →
Sign in with Steam
Match 40735691
Unlisted
Match 40735691
Overview
Messages
Build Orders
End
Selects Italian Combined Arms Battlegroup
Selects Bersaglieri Squad
Bersaglieri Squad
250 Light Carrier
Bersaglieri Squad
Construct Light Support Kompanie
Bersaglieri Squad
Selects Bersaglieri Bolster
Fire Support Elements
Flakvierling Half-track
2.5-tonne Medical Truck
Selects Breda Model 30 Light Machine Guns
Pak 38 Anti-tank Gun Team
Construct Panzerarmee Kommand
Assault Grenadier Squad
Panzer III L Medium Tank
Panzerpioneer Squad
Emergency Repair Kits
Selects Semovente da 75/18 Assault Gun
Selects Strafing Run
Panzer III L Medium Tank
Selects Artillery Cover
Strafing Run
Walking Stuka Rocket Launcher
Flak 36 Anti-tank Gun Team
Armored Reserves
Strafing Run
Tiger Heavy Tank
Strafing Run
Bersaglieri Squad
Tiger Heavy Tank
sgtViveron
CuteBaguettE
MrKindCookie
PlammX
Ulysses
slayermj12
0
0
Comments
sign in to comment!
No comments posted yet!